 Dungeon Crawl Stone Soup version 0.19.5 (webtiles) character file.

123 miragecloak the Changer (level 5, -3/33 HPs)
             Began as an Octopode Transmuter on May 10, 2017.
             Killed by divine providence
             ... invoked by an orc priest
              (17 damage)
             ... on level 3 of the Dungeon.
             The game lasted 00:02:18 (3142 turns).

miragecloak the Changer (Octopode Transmuter)       Turns: 3142, Time: 00:02:19

Health: -3/33      AC:  2    Str: 10    XL:     5   Next: 7%
Magic:  5/8        EV: 20    Int: 15    God:
Gold:   255        SH:  0    Dex: 18    Spells: 2 memorised, 4 levels left

rFire  . . .     SeeInvis .       - Unarmed
rCold  . . .     Gourm    .     (shield currently unavailable)
rNeg   + . .     Faith    .     (helmet currently unavailable)
rPois  x         Spirit   .     (no amulet)
rElec  .         Reflect  .     k - ring of positive energy
rCorr  .         Harm     .     (no ring)
MR     .....                    (no ring)
Stlth  ++........               (no ring)
                                (no ring)
                                (no ring)
                                (no ring)
                                (no ring)

@: spider-form
A: almost no armour, stealthy swim, (amphibious), 8 rings, (constrict 8),
(camouflage 0), (gelatinous body 0)
a: End Transformation


You were on level 3 of the Dungeon.
You were hungry.
You were a venomous arachnid creature.
You visited 1 branch of the dungeon, and saw 3 of its levels.

You collected 255 gold pieces.

Inventory:

Missiles
 a - 28 arrows
Jewellery
 k - a ring of positive energy (left front leg)
Scrolls
 d - a scroll of noise {unknown}
 e - 6 scrolls of identify {unknown}
 f - 2 scrolls of fog {unknown}
 g - a scroll of recharging {unknown}
 j - a scroll of immolation {unknown}
 l - 2 scrolls of remove curse {unknown}
Potions
 h - a potion of heal wounds
 m - a potion of curing {unknown}
Books
 b - a book of Changes

   Spells                             Type                      Level
   a - Beastly Appendage              Transmutation                1
   b - Sticks to Snakes               Transmutation                2
   c - Spider Form                    Transmutation/Poison         3
   d - Ice Form                       Ice/Transmutation            4
   e - Blade Hands                    Transmutation                5
Comestibles
 c - 7 bread rations
 i - a meat ration


   Skills:
 - Level 1.0 Fighting
 - Level 2.0 Dodging
 - Level 3.0 Unarmed Combat
 - Level 2.0 Spellcasting
 - Level 4.2 Transmutations
 + Level 2.9 Poison Magic


You had 4 spell levels left.
You knew the following spells:

 Your Spells              Type           Power        Failure   Level  Hunger
a - Beastly Appendage     Tmut           ##....       14%         1    #......
b - Spider Form           Tmut/Pois      ##........   36%         3    ###....


Dungeon Overview and Level Annotations

Branches:
Dungeon (3/15)

Altars:


Innate Abilities, Weirdness & Mutations

You cannot wear most types of armour.
You are very stealthy in the water. (Stealth+)
((You are amphibious.))
You can wear up to eight rings at the same time.
((You can use your tentacles to constrict eight enemies at once.))
((Your skin changes colour to match your surroundings (Stealth+).))
((Your rubbery body absorbs attacks. (AC +1, EV +1)))


Message History

The quokka bites you but does no damage.
The quokka barely misses you.
The orc throws a tomahawk.
The tomahawk hits you but does no damage.
You see here a tomahawk.
The quokka bites you.
You see here a frilled lizard corpse.
The quokka misses you.
You see here a potion of degeneration.
The quokka bites you. The quokka bites you.
Casting: Spider Form
Confirm with . or Enter, or press ? or * to list all spells.
You turn into a venomous arachnid creature.
The quokka barely misses you.
You barely miss the quokka. The quokka bites you.
The orc priest calls down the wrath of Beogh upon you.
Beogh smites you!
Ouch! That really hurt!
You die...

#.#######.#o.o.........#
...†...!o....###.#####.#
.(#######.#.## #o#
#.########## ..# #.#.#
#o# #..........# o.#
#.#.# #.# ##########.#
o.# #.#.# #o# #.# (##
#...# #.# #.# ##
###.####r# ##.# #.#.##s#
####... #..#.)<# #......
#......# #.##... #.#.##.#
#.###.# #.#.##.# #.# #.#
#.#.##.# #.# #.. ###
#.#.##.# #.# ###
##.###.#.##.# #.# #
##.#....#..#.##########.#
#


You could see an orc priest, 2 orcs and a quokka.

Vanquished Creatures
  4 adders (D:3)
  4 gnolls
  A worm (D:2)
  A dart slug (D:1)
  An orc (D:3)
  2 giant cockroaches
  2 goblins
  5 hobgoblins
  7 jackals
  A ball python (D:1)
  4 bats
  5 frilled lizards
  4 kobolds
  4 rats
45 creatures vanquished.

Notes
Turn   | Place    | Note
-------+----------+-------------------------------------------
     0 | D:1      | miragecloak the Octopode Transmuter began the quest for the Orb.
     0 | D:1      | Reached XP level 1. HP: 13/13 MP: 3/3
   202 | D:1      | Reached XP level 2. HP: 11/18 MP: 5/5
   569 | D:1      | Reached skill level 3 in Transmutations
  1242 | D:2      | Reached XP level 3. HP: 14/23 MP: 6/6
  1965 | D:3      | Reached skill level 4 in Transmutations
  2304 | D:3      | Reached XP level 4. HP: 18/28 MP: 5/7
  2326 | D:3      | Learned a level 3 spell: Spider Form
  2359 | D:3      | Reached skill level 1 in Poison Magic
  2793 | D:3      | HP: 1/28 [gnoll/halberd (10)]
  2798 | D:3      | Reached XP level 5. HP: 2/33 MP: 1/8
  3142 | D:3      | Killed from afar by an orc priest

Skill      XL: |  1  2  3  4 |
---------------+-------------+-----
Transmutations | 3 4 |  4.2
Poison Magic   | 2 |  2.9
Fighting       | |  1.0
Dodging        | |  2.0
Unarmed Combat | |  3.0
Spellcasting   | |  2.0

Action                   |  1- 3 |  4- 6 || total
-------------------------+-------+-------++-------
Melee: Unarmed           |    92 |    36 ||   128
       Constrict         |    21 |     3 ||    24
       Tentacles         |    13 |     1 ||    14
       Punch             |     1 |       ||     1
       Kick              |     8 |       ||     8
 Cast: Beastly Appendage |     5 |       ||     5
       Spider Form       |       |     6 ||     6
  Use: Potion            |     5 |       ||     5
 Stab: Sleeping          |     6 |       ||     6
       Distracted        |       |     1 ||     1
  Eat: Chunk             |     4 |     3 ||     7
Armor: Skin              |    15 |     3 ||    18
Dodge: Dodged            |    63 |    39 ||   102
